 Dungeon Crawl Stone Soup version 0.24.1-14-gf8d2b509d9 (webtiles) character file.

Game seed: 4427835756316816496, levelgen mode: deterministic

57 Curus the Cudgeler (level 4, 0/28 HPs)
             Began as a Gargoyle Berserker on May 30, 2020.
             Was a Believer of Trog.
             Slain by an orc wizard
             ... wielding a +0 dagger
              (1 damage)
             ... on level 2 of the Dungeon.
             The game lasted 00:03:57 (905 turns).

Curus the Cudgeler (Gargoyle Berserker)              Turns: 905, Time: 00:03:58

Health: 0/28       AC:  6    Str: 21    XL:     4   Next: 0%
Magic:  4/4        EV: 12    Int:  7    God:    Trog [**....]
Gold:   17         SH:  0    Dex: 10    Spells: 3/3 levels left

rFire    . . .     SeeInvis .   a - +0 mace
rCold    . . .     Gourm    .   (no shield)
rNeg     + . .     Faith    .   b - +1 animal skin
rPois    ∞         Spirit   .   (no helmet)
rElec    +         Reflect  .   (no cloak)
rCorr    .         Harm     .   (no gloves)
MR       .....                  (no boots)
Stlth    +.........             (no amulet)
HPRegen  0.09/turn              (no ring)
MPRegen  0.09/turn              (no ring)

@: no status effects
A: negative energy resistance 1, electricity resistance, unbreathing,
petrification resistance, rot immunity, AC +3
a: Berserk, Trog's Hand, Renounce Religion


You were on level 2 of the Dungeon.
You worshipped Trog.
Trog was pleased with you.
You were hungry.

You visited 1 branch of the dungeon, and saw 2 of its levels.

You collected 17 gold pieces.

Inventory:

Hand Weapons
 a - a +0 mace (weapon)
Armour
 b - a +1 animal skin (worn)
Comestibles
 c - a ration


   Skills:
 - Level 3.2 Fighting
 + Level 4.7 Maces & Flails
 - Level 2.1 Armour
 - Level 1.5 Dodging


You had 3 spell levels left.
You didn't know any spells.
Your spell library was empty.

Dungeon Overview and Level Annotations

Branches:
Dungeon (2/15)

Altars:


Innate Abilities, Weirdness & Mutations

You are resistant to torment.
Your stone body is resilient. (AC +3)
You are immune to poison.
You resist negative energy. (rN+)
You are resistant to electric shocks. (rElec)
You can survive without breathing.
You are immune to petrification.
You are immune to rotting.


Message History

The orc hits you with a +0 mace. Something hits you but does no damage.
The orc hits you but does no damage.
You closely miss something. Something hits you but does no damage.
The leopard gecko bites you but does no damage.
The orc hits you but does no damage. x2; The leopard gecko bites you.
You hear some strange, mumbled words.
A puff of flame appears from out of thin air!
The puff of flame misses you.
You miss something. Something hits you but does no damage.
The orc hits you but does no damage.
The leopard gecko bites you but does no damage.
The orc barely misses you.
You miss something. Something hits you.
The leopard gecko bites you but does no damage.
Something hits you but does no damage. The orc hits you with a +0 mace.
* * * LOW HITPOINT WARNING * * *
The orc hits you with a +0 whip.
* * * LOW HITPOINT WARNING * * *
Something hits you.
You die...

##.### ######.
##.....#.......
..............#
.............?.
...............
.........%.....
.....<{l.......
......)@.......
......oo......#
#......#.....##
##.##.# ######
# #. ##


You could see 2 orcs and a leopard gecko.

Vanquished Creatures
  An orc wizard (D:2)
  3 dart slugs (D:1)
  2 leopard geckos (D:1)
  A giant cockroach (D:1)
  6 hobgoblins (D:1)
  A bat (D:1)
  2 frilled lizards (D:1)
  3 goblins (D:1)
  4 kobolds (D:1)
  5 rats (D:1)
28 creatures vanquished.

Notes
Turn   | Place    | Note
-------+----------+-------------------------------------------
     0 | D:1      | Curus the Gargoyle Berserker began the quest for the Orb.
     0 | D:1      | Reached XP level 1. HP: 14/14 MP: 1/1
   302 | D:1      | Reached XP level 2. HP: 19/19 MP: 2/2
   374 | D:1      | Reached skill level 4 in Maces & Flails
   706 | D:1      | Reached XP level 3. HP: 23/23 MP: 3/3
   764 | D:1      | Reached ** piety under Trog
   901 | D:2      | Reached XP level 4. HP: 22/28 MP: 4/4
   904 | D:2      | HP: 1/28 [orc/+0 whip (5)]
   905 | D:2      | Slain by an orc wizard

Levels and vault maps discovered:
D:1:      psy_arrival_dodecagon, layout_rooms
D:2:      layout_rooms, serial_bayou_pond_e, dk_noncrumbling_4,
          trog_butcher_becter, uniq_natasha, uniq_terence

Skill      XL: |  1  2 |
---------------+-------+-----
Maces & Flails | 4 |  4.7
Fighting       | |  3.2
Armour         | |  2.1
Dodging        | |  1.5

Action                   |  1- 3 |  4- 6 || total
-------------------------+-------+-------++-------
Melee: Mace              |    80 |     3 ||    83
Invok: Berserk           |     2 |       ||     2
  Use: Scroll            |     4 |       ||     4
       Potion            |     2 |       ||     2
 Stab: Sleeping          |     1 |       ||     1
  Eat: Chunk             |     1 |       ||     1
Armor: Animal skin       |    46 |    11 ||    57
Dodge: Dodged            |    76 |     2 ||    78
